 Dungeon Crawl Stone Soup version 0.30-a0-165-g1891117ce2 (webtiles) character file.

Game seed: 2959710970508858566

842053 ragingrage the Heavyweight Champion (level 26, -9/251 (274) HPs)
             Began as a Troll Fighter on Sept 28, 2022.
             Was the Champion of Ru.
             Mangled by a death cob (17 damage)
             ... on level 2 of the Realm of Zot.
             The game lasted 02:10:02 (65421 turns).

ragingrage the Heavyweight Champion (TrFi)         Turns: 65421, Time: 02:10:02

HP:   -9/251 (274)  AC: 34    Str: 33 (34) XL:     26
MP:   0/17          EV:  5    Int: 13 (14) God:    Ru [******]
Gold: 4370          SH: 24    Dex: 13 (14) Spells: 17/25 levels left

rFire   + + +      SeeInvis +      - Unarmed
rCold   + + +      Faith    .    G - +3 tower shield of the Voracious God {Fly rF+ Int+2}
rNeg    + + +      Spirit   +    n - +12 gold dragon scales
rPois   +          Reflect  .    (helmet restricted)
rElec   +          Harm     .    e - +2 cloak {rCorr}
rCorr   +          Rampage  .    (gloves unavailable)
Will    +....      NoTele   +    (boots unavailable)
Stlth   ..........               g - amulet "Ijubbeott" {Spirit -Tele rF+ rN+++ Dex-2}
HPRegen 1.31/turn                F - ring of Qoosus {rElec rC+ SInv Stlth+}
MPRegen 0.15/turn                S - ring of the Squeaky God {Drain rPois Int+4 Dex+6 Slay+5}

@: exhausted, wereblooded (expiring), flying, slowed, studying Short Blades,
drained, unable to drink, very slow
A: large, unfitting armour, claws 3, regeneration 1, screaming 1, shaggy fur 1,
tough skin 1, inability to drink after injury 2, no stealth, inability to train
dodging, no hexes magic, no necromancy magic, no poison magic, inexperienced 1,
missing an eye, clever 1, cold resistance 1, deformed body, deterioration 1, low
MP 2, weak 1, subdued magic 1, MP-powered wands
}: 10/15 runes: serpentine, barnacled, slimy, silver, abyssal, demonic, glowing,
magical, fiery, dark
a: Renounce Religion, Draw Out Power, Power Leap, Apocalypse


You were on level 2 of the Realm of Zot.
You worshipped Ru.
Ru was exalted by your worship.
You visited 12 branches of the dungeon, and saw 53 of its levels.
You visited Pandemonium 3 times, and saw 15 of its levels.
You visited the Abyss 2 times.
You visited 2 bazaars.
You also visited: Ice Cave and Desolation.

You collected 9362 gold pieces.
You spent 4992 gold pieces at shops.

Inventory:

Missiles
 a - 2 throwing nets
 q - 2 silver javelins
 J - 19 curare-tipped darts
 N - 4 boomerangs of dispersal
 Q - 98 large rocks
 V - 19 javelins
 W - 39 boomerangs (quivered)
 X - 3 silver boomerangs
Armour
 e - a +2 cloak of preservation (worn)
 n - +12 gold dragon scales (worn)
 G - the +3 tower shield of the Voracious God (worn) {Fly rF+ Int+2}
   (You bought it in a shop on level 6 of the Dungeon)

   Int:       It affects your intelligence (+2).
   rF:        It protects you from fire.
   Fly:       It grants you flight.
Jewellery
 g - the amulet "Ijubbeott" (around neck) {Spirit -Tele rF+ rN+++ Dex-2}
   (You found it in the Desolation of Salt)

   [amulet of guardian spirit]

   It causes incoming damage to be divided between your reserves of health and
   magic.
   Dex:       It affects your dexterity (-2).
   rF:        It protects you from fire.
   rN:        It renders you almost immune to negative energy.
   -Tele:     It prevents most forms of teleportation.
 F - the ring of Qoosus (left claw) {rElec rC+ SInv Stlth+}
   (You bought it in a shop on level 2 of the Orcish Mines)

   [ring of see invisible]

   rC:        It protects you from cold.
   rElec:     It insulates you from electricity.
   SInv:      It lets you see invisible.
   Stlth:     It makes you more stealthy.
 S - the ring of the Squeaky God (right claw) {Drain rPois Int+4 Dex+6 Slay+5}
   (You took it off a tengu reaver on level 3 of the Crypt)

   [ring of dexterity]

   Int:       It affects your intelligence (+4).
   Dex:       It affects your dexterity (+6).
   Slay:      It affects your accuracy & damage with ranged weapons and melee
   (+5).
   rPois:     It protects you from poison.
   Drain:     It drains your maximum health when unequipped.
 Z - the amulet of the Barnacle {Will++ Regen+}
   (You bought it in a shop on level 2 of the Orcish Mines)

   [amulet of regeneration]

   Regen:     It increases your rate of health regeneration.
   Will:      It greatly increases your willpower.
Wands
 d - a wand of digging (5)
 h - a wand of mindburst (58)
 s - a wand of light (44)
 t - a wand of paralysis (61)
 D - a wand of iceblast (35)
 O - a wand of polymorph (16)
 Y - a wand of flame (36)
Scrolls
 f - 2 scrolls of butterflies
 i - 4 scrolls of magic mapping
 m - 32 scrolls of teleportation
 o - 6 scrolls of silence
 r - 15 scrolls of blinking
 v - 4 scrolls of enchant armour
 w - 8 scrolls of fear
 A - 11 scrolls of vulnerability
 B - 4 scrolls of poison
 T - 7 scrolls of summoning
Potions
 b - 9 potions of lignification
 c - 11 potions of might
 j - 12 potions of brilliance
 k - 9 potions of mutation
 p - 5 potions of berserk rage
 x - 38 potions of curing
 y - 14 potions of attraction
 E - 11 potions of cancellation
 H - 7 potions of invisibility
 K - 13 potions of haste
 L - 6 potions of resistance
 M - 30 potions of heal wounds
 P - 12 potions of magic
 U - 4 potions of ambrosia
Miscellaneous
 l - a box of beasts (inert)
 u - a tin of tremorstones (2/2)
 z - a phantom mirror
 C - a lightning rod (4/4)
 I - a condenser vane (inert)
 R - a phial of floods


   Skills:
 + Level 18.1 Fighting
 + Level 18.5 Throwing
 - Level 20.0 Armour
 - Level 20.0 Shields
 O Level 27 Unarmed Combat
 - Level 13.0 Transmutations
 + Level 7.4 Earth Magic
 - Level 12.0 Evocations


You had 17 spell levels left.
You knew the following spells:

 Your Spells              Type           Power      Damage    Failure   Level
a - Wereblood             Tmut           26%        N/A       2%          2
b - Statue Form           Tmut/Erth      13%        N/A       100%        6

Your spell library contained the following spells:

 Spells                   Type           Power      Damage    Failure   Level
 Beastly Appendage        Tmut           52%        N/A       1%          1
 Passwall                 Tmut/Erth      16%        N/A       9%          2
 Sandblast                Erth           28%        2d8       19%         1
 Blade Hands              Tmut           13%        N/A       47%         5
 Petrify                  Tmut/Erth      20%        N/A       52%         4
 Stone Arrow              Conj/Erth      14%        3d7       95%         3
 Ice Form                 Ice/Tmut       13%        N/A       96%         4
 Apportation              Tloc           0%         N/A       99%         1
 Foxfire                  Conj/Fire      0%         2x1d4     99%         1
 Freeze                   Ice            0%         1d3       99%         1
 Shock                    Conj/Air       0%         1d3       99%         1
 Summon Small Mammal      Summ           0%         N/A       99%         1
 Blink                    Tloc           0%         N/A       99%         2
 Momentum Strike          Conj/Tloc      0%         3d8       99%         2
 Scorch                   Fire           0%         2d5       99%         2
 Static Discharge         Conj/Air       0%         2-2/arc   99%         2
 Call Canine Familiar     Summ           0%         N/A       100%        3
 Frozen Ramparts          Ice            0%         1d1       100%        3
 Gell's Gravitas          Tloc           0%         N/A       100%        3
 Hailstorm                Conj/Ice       0%         3d3       100%        3
 Kindle Blastsparks       Fire/Tloc/Air  0%         2d10      100%        3
 Lesser Beckoning         Tloc           0%         N/A       100%        3
 Swiftness                Air            0%         N/A       100%        3
 Teleport Other           Tloc           0%         N/A       100%        3
 Airstrike                Air            0%         2d(0-16)  100%        4
 Animate Armour           Summ/Erth      14%        N/A       100%        4
 Flame Wave               Conj/Fire      0%         2d4       100%        4
 Manifold Assault         Tloc           0%         N/A       100%        4
 Passage of Golubria      Tloc           0%         N/A       100%        4
 Sticky Flame             Conj/Fire      0%         2d3       100%        4
 Summon Ice Beast         Ice/Summ       0%         N/A       100%        4
 Summon Lightning Spire   Summ/Air       0%         N/A       100%        4
 Arcjolt                  Conj/Air       0%         1d10      100%        5
 Fireball                 Conj/Fire      0%         3d3       100%        5
 Freezing Cloud           Conj/Ice/Air   0%         6-21      100%        5
 Irradiate                Conj/Tmut      6%         3d13      100%        5
 Iskenderun's Battlesphe  Conj           0%         2d6       100%        5
 Lightning Bolt           Conj/Air       0%         1d11      100%        5
 Conjure Ball Lightning   Conj/Air       0%         3x3d6     100%        6
 Iron Shot                Conj/Erth      3%         9d2       100%        6
 Starburst                Conj/Fire      0%         6d3       100%        6
 Summon Cactus Giant      Summ           0%         N/A       100%        6
 Dragon Form              Tmut           13%        N/A       100%        7
 Malign Gateway           Summ/Tloc      0%         N/A       100%        7
 Orb of Destruction       Conj           0%         9d5       100%        7
 Ozocubu's Refrigeration  Ice            0%         4d7       100%        7
 Spellforged Servitor     Conj/Summ      0%         N/A       100%        7
 Storm Form               Tmut/Air       6%         N/A       100%        7
 Summon Hydra             Summ           0%         N/A       100%        7
 Ignition                 Fire           0%         3d3       100%        8
 Lehudib's Crystal Spear  Conj/Erth      3%         10d3      100%        8
 Maxwell's Capacitive Co  Air            0%         ∞         100%        8
 Summon Horrible Things   Summ           0%         N/A       100%        8
 Spider Form              Tmut/Pois      Unusable   N/A       N/A         3
 Ignite Poison            Fire/Tmut/Pois Unusable   N/A       N/A         3
 Kiss of Death            Conj/Necr      Unusable   2d5       N/A         1
 Necrotise                Necr           Unusable   1d4       N/A         1
 Slow                     Hex            Unusable   N/A       N/A         1
 Cigotuvi's Dreadful Rot  Necr/Pois/Air  Unusable   N/A       N/A         2
 Poisonous Vapours        Pois/Air       Unusable   N/A       N/A         2
 Confusing Touch          Hex            Unusable   N/A       N/A         3
 Inner Flame              Hex/Fire       Unusable   N/A       N/A         3
 Mephitic Cloud           Conj/Pois/Air  Unusable   N/A       N/A         3
 Summon Guardian Golem    Hex/Summ       Unusable   N/A       N/A         3
 Tukima's Dance           Hex            Unusable   N/A       N/A         3
 Vampiric Draining        Necr           Unusable   2d6       N/A         3
 Cause Fear               Hex            Unusable   N/A       N/A         4
 Dispel Undead            Necr           Unusable   3d6       N/A         4
 Olgreb's Toxic Radiance  Pois           Unusable   N/A       N/A         4
 Borgnjor's Vile Clutch   Necr/Erth      Unusable   N/A       N/A         5
 Metabolic Englaciation   Hex/Ice        Unusable   N/A       N/A         5
 Yara's Violent Unravell  Hex/Tmut       Unusable   3d5       N/A         5
 Discord                  Hex            Unusable   N/A       N/A         8

Dungeon Overview and Level Annotations

Branches:
Dungeon (15/15)            Temple (1/1) D:5            Lair (5/5) D:9
 Shoals (4/4) Lair:2        Snake (4/4) Lair:2        Slime (5/5) Lair:4
    Orc (2/2) D:11            Elf (3/3) Orc:2        Vaults (5/5) D:14
  Crypt (3/3) Vaults:2       Tomb (0/3) Crypt:3      Depths (4/4) D:15
    Zot (2/5) Depths:4      IceCv (visited)         Desolation (visited)

Altars:
Ashenzari
Dithmenos
Elyvilon
Gozag
Hepliaklqana
Kikubaaqudgha
Nemelex Xobeh
Okawaru
Ru
Sif Muna
Trog
Uskayaw
Wu Jian
Xom
Yredelemnul
Zin
The Shining One
Jiyva

Shops:
D:3 :   D:5 :   D:6 [   Orc:1 *   Orc:2 :=((   Elf:2 *   Elf:3 [***?
Shoals:3 :[!*?   Shoals:4 !   Snake:4 [   Vaults:2 =   Vaults:4 !:([
Depths:4 [

Portals:
Hell: Depths:1 Depths:2 Depths:3 Depths:4
Abyss: Elf:3 Depths:2 Depths:3
Pandemonium: Depths:2
Ziggurat: Depths:3
Trove: D:14 (give 2 scrolls of acquirement)

Annotations:
Snake:2 1 runed translucent door
Elf:3 2 transporters, Waiwil's ghost, adept DsFi
Vaults:1 3 runed translucent doors, exclusion: 3 doors, agentgt's ghost, veteran KoAK


Innate Abilities, Weirdness & Mutations

You are too large for most types of armour.
You have claws for hands.
Your natural rate of healing is unusually fast.
You occasionally shout uncontrollably at your foes.
You are covered in fur. (AC +1)
You have tough skin. (AC +1)
You sometimes lose the ability to drink potions when taking damage.
You cannot be stealthy.
You cannot train Dodging skill.
You cannot study or cast Hexes magic.
You cannot study or cast Necromancy magic.
You cannot study or cast Poison magic.
You are somewhat inexperienced. (-1 XL)
You are missing an eye, making it more difficult to aim.
Your mind is acute. (Int +4, Str/Dex -1)
Your flesh is cold resistant. (rC+)
Armour fits poorly on your strangely shaped body.
Your body sometimes deteriorates upon taking damage.
Your magical capacity is very low. (-20% MP)
You are weak. (Str -2)
Your spells are a little easier to cast, but a little less powerful.
You expend magic power (3 MP) to strengthen your wands.


Message History

* * * LOW HITPOINT WARNING * * *
The death cob drains your vigour!
You feel yourself slow down.
You mangle the death cob!!
The death cob is moderately damaged.
The death cob hits you!
* * * LOW HITPOINT WARNING * * *
The death cob drains your vigour!
You feel as though you will be slow longer.
The death cob hits you but does no damage.
You block the death cob's attack. The death cob attacks as you move away!
The death cob hits you!!
* * * LOW HITPOINT WARNING * * *
The death cob hits you.
* * * LOW HITPOINT WARNING * * *
The storm dragon begins to attack, but is stunned by your conviction!
You block the death cob's attack.
You redirect the storm dragon's attack!
You cannot drink potions in your current state!
Throw: 4 javelins (silver)
Press: ? - help, Shift-Dir - straight line, f - death cob
Aim: a death cob (lightly damaged, 60% to hit)
You throw a silver javelin.
The silver javelin pierces through the death cob!!
The death cob is heavily damaged.
The silver javelin completely misses the storm dragon.
You block the death cob's attack.
The death cob hits you but does no damage.
A golden dragon comes into view.
The death cob hits you!
* * * LOW HITPOINT WARNING * * *
Throw: 3 javelins (silver)
Press: ? - help, Shift-Dir - straight line, f/p - death cob
Aim: a death cob (heavily damaged, 60% to hit)
You throw a silver javelin.
The silver javelin closely misses the death cob.
The silver javelin pierces through the storm dragon!!
The storm dragon is moderately wounded.
Your primal bloodlust is almost over.
The death cob hits you!!
You die...

## ..##
#...#
#.D..
#####..#
#..@zD(#
########


You could see a golden dragon, a storm dragon and a death cob.

Vanquished Creatures
  Cerebov (Pan)
  the Royal Jelly (Slime:5)
  Mnoleg (Pan)
  Gloorx Vloq (Pan)
  Dissolution (Slime:5)
  Lom Lobon (Pan)
  2 dread liches
  4 ancient liches (Vaults:5)
  A pandemonium lord (Pan)
  Mennas (Depths:3)
  Sojobo (Crypt:3)
  Parghit (Depths:3)
  Boris (thrice) (Vaults:4 Depths:2 Depths:4)
  Vv (Crypt:3)
  Bai Suzhen (Elf:2)
  Vashnia (Snake:4)
  Saint Roka (Depths:3)
  Margery (Vaults:4)
  Nikola (Depths:1)
  4 caustic shrikes
  8 golden dragons
  the Enchantress (Depths:3)
  A bone dragon (Abyss:3)
  2 Brimstone Fiends (Pan)
  A Tzitzimitl (Pan)
  Mlioglotl (Snake:1)
  4 Ice Fiends (Pan)
  12 tentacled monstrosities
  3 liches
  7 Hell Sentinels
  The ghost of Foimof the Imperceptible, an adept FeVM of Ru (Depths:1)
  Asterion (Depths:1)
  2 quicksilver dragons (Zot:1)
  4 titans (Vaults:5)
  2 deep elf master archers (Elf:3)
  29 Executioners
  16 acid blobs
  A deep elf blademaster (Elf:3)
  A kraken (Shoals:4)
  5 sphinxes
  6 tentacled starspawn (Abyss:3)
  3 ancient champions
  Kirke (Lair:3)
  5 nagarajas (Snake:4)
  6 revenants
  2 storm dragons
  2 shadow dragons
  12 tengu reavers
  2 fenstrider witches (Depths:3)
  9 fire giants
  A draconian monk (Abyss:3)
  3 demonspawn warmongers (Pan)
  Ilsuiw (Shoals:2)
  8 deep elf sorcerers
  5 rockslimes
  8 azure jellies
  11 frost giants
  17 vault wardens
  4 iron dragons
  9 cacodemons (Pan)
  4 curse skulls
  2 imperial myrmidons (Desolation)
  6 deep elf elementalists
  Aizul (Snake:2)
  3 draconian stormcallers (Abyss:3)
  An angel (Abyss:3)
  19 ironbound preservers
  3 orc warlords
  19 balrugs (Pan)
  2 ghouls (Crypt:1)
  4 draconian annihilators (Pan)
  4 spriggan defenders (Depths:3)
  12 stone giants
  10 reapers
  42 very ugly things
  2 vampire knights (Crypt:1)
  A draconian shifter (Depths:4)
  A caustic shrike skeleton (Pan)
  5 demonspawn corrupters (Pan)
  12 ironbound thunderhulks
  12 quicksilver oozes
  An ophan (Abyss:3)
  2 green draconians
  A war gargoyle (Vaults:1)
  9 demonspawn blood saints (Pan)
  2 eleionomae (Depths:3)
  5 demonspawn black suns (Pan)
  A broodmother (shapeshifter) (Depths:3)
  An elemental wellspring (Depths:3)
  A juggernaut skeleton (Pan)
  9 deep elf demonologists
  2 halazid warlocks (Desolation)
  12 lorocyprocas (Pan)
  2 white draconians
  13 deep elf annihilators
  4 yellow draconians
  A red draconian (Zot:1)
  11 spark wasps
  2 purple draconians (Zot:1)
  15 ettins
  3 dire elephants (Vaults:1)
  A quicksilver dragon zombie (Crypt:2)
  2 merfolk javelineers
  7 eidola
  6 deep elf death magi
  2 crystal guardians (Desolation)
  7 green deaths (Pan)
  2 spectral spriggans (Crypt:3)
  10 blizzard demons
  A mummy priest (Crypt:3)
  6 merfolk impalers
  5 fire dragons
  6 deep elf high priests
  3 ice dragons (Depths:4)
  6 jiangshi
  5 ragged hierophants (Desolation)
  15 great orbs of eyes
  An entropy weaver (Vaults:2)
  17 yaktaur captains
  3 hell beasts (Pan)
  8 rakshasas
  8 peacekeepers
  10 anacondas
  23 centaur warriors
  10 hydras
  6 ironbound frosthearts
  7 servants of whispers (Desolation)
  2 ogre magi (Vaults:5)
  5 catoblepae
  6 salamander tyrants
  3 spriggan air magi
  31 vault guards
  A radroach (shapeshifter) (Elf:3)
  3 merfolk avatars
  7 two-headed ogres
  9 merfolk aquamancers
  2 satyrs (Shoals:2)
  5 death knights
  3 spriggan skeletons
  14 naga warriors
  8 boulder beetles
  7 deep troll shamans
  6 tengu warriors
  A hell hog (Abyss:3)
  11 death yaks
  38 dancing weapons
  4 orc high priests
  10 vampire magi
  Nergalle (D:10)
  11 deep troll earth magi
  24 soul eaters
  11 thrashing horrors (Abyss:3)
  A titan zombie (Crypt:3)
  3 shock serpents
  A titan skeleton (Depths:2)
  2 spriggan berserkers
  17 naga sharpshooters
  18 deep elf knights
  6 salamander mystics
  41 sun demons
  Amaemon (D:9)
  8 wretched stars (Abyss:3)
  30 skeletal warriors
  6 hell knights
  12 iron trolls
  16 sixfirhies
  20 shadow wraiths
  A spatial maelstrom (Abyss:3)
  4 naga ritualists
  11 sea snakes
  8 glowing orange brains
  13 deep elf archers
  A glowing orange brain (shapeshifter) (Vaults:4)
  8 shadow demons (Pan)
  5 flayed ghosts
  A spriggan druid (Depths:3)
  68 deep trolls
  50 large abominations
  30 phantasmal warriors
  A bog body (Shoals:4)
  26 harpies
  34 deep elf zephyrmancers
  13 wizards
  An oklob plant (Lair:3)
  9 orc knights
  A swamp dragon (shapeshifter) (Elf:2)
  17 ironbound convokers
  41 deep elf pyromancers
  8 necromancers
  8 orc sorcerers
  A wolf spider (D:15)
  6 lindwurms (Vaults:1)
  2 draconians (Abyss:3)
  A tengu skeleton (Depths:4)
  A broodmother zombie (Crypt:2)
  4 moths of wrath (Zot:1)
  42 ugly things
  10 fauns
  7 shining eyes
  A wolf spider (shapeshifter) (Depths:1)
  102 slime creatures
  9 cyclopes
  19 manticores
  A frost giant zombie (Depths:2)
  A jorogumo skeleton (Crypt:1)
  4 mana vipers
  2 iron dragon skeletons (Pan)
  11 elephants
  2 worldbinders (Abyss:3)
  A will-o-the-wisp (Abyss:3)
  3 centaur zombies
  14 salamanders
  9 merfolk sirens
  18 naga magi
  13 vault sentinels
  24 black mambas
  5 water nymphs
  3 rust devils
  2 ice statues (IceCv)
  3 guardian serpents
  Joseph (D:9)
  2 apocalypse crabs (Abyss:3)
  3 molten gargoyles (Desolation)
  26 smoke demons (Pan)
  3 centaur skeletons
  16 orange demons
  6 unseen horrors
  A torpor snail (Lair:3)
  2 eyes of devastation (Slime:5)
  Psyche (D:10)
  11 efreet
  8 cane toads
  41 yaktaurs
  8 demonic crawlers (Pan)
  A hellion (Pan)
  A sea snake zombie (Crypt:3)
  4 rime drakes
  6 komodo dragons
  A catoblepas skeleton (Pan)
  2 dryads (Depths:3)
  9 freezing wraiths
  6 guardian mummies (Crypt:3)
  3 tormentors (Pan)
  A spectral naga (Crypt:3)
  2 red devils (Pan)
  18 hellwings
  5 tengu conjurers
  A minotaur skeleton (Crypt:2)
  9 ancient zymes (Abyss:3)
  A merfolk (shapeshifter) (Vaults:5)
  A hydra zombie (Abyss:3)
  6 trolls
  26 merfolk
  A shadow dragon simulacrum (Depths:3)
  11 wind drakes
  2 hornets (Depths:3)
  Grinder (D:4)
  A harpy skeleton (D:15)
  A polar bear (Lair:5)
  A yaktaur skeleton (Vaults:5)
  33 blink frogs
  46 saltlings
  A harpy zombie (Crypt:3)
  18 raiju
  7 dream sheep
  A culicivora zombie (Crypt:2)
  A dream sheep (shapeshifter) (Zot:1)
  12 flying skulls
  A fire giant simulacrum (Depths:3)
  2 alligator zombies
  2 slime creatures (shapeshifter) (Vaults:2)
  2 centaur simulacra (D:15)
  A culicivora (shapeshifter) (D:15)
  8 snapping turtles
  4 ettin skeletons
  8 shadows (Crypt:3)
  4 wyverns
  54 yaks
  5 air elementals
  18 wraiths
  3 vampires
  4 spriggans (Depths:3)
  Eustachio (D:4)
  19 water elementals
  A hog (Lair:3)
  A basilisk (Lair:2)
  13 golden eyes
  25 neqoxecs
  19 ynoxinuls
  Grum (D:10)
  17 chaos spawn
  6 fire elementals
  3 vampire mosquitoes
  41 nagas
  7 wargs
  2 acid dragons
  6 water moccasins
  A merfolk skeleton (Crypt:3)
  A deep troll zombie (Crypt:2)
  A floating eye (Pan)
  24 orc warriors
  4 hell hounds (Pan)
  2 ice beasts
  2 sky beasts
  4 black bears
  An elephant zombie (Crypt:1)
  3 ogres
  10 small abominations
  A snapping turtle skeleton (Crypt:3)
  A boggart (Vaults:2)
  9 wolves
  18 centaurs
  A manticore skeleton (Crypt:3)
  An elf simulacrum (Vaults:5)
  A lindwurm skeleton (Crypt:1)
  2 phantoms (D:13)
  An earth elemental (Elf:2)
  10 bullfrogs
  A komodo dragon zombie (Crypt:1)
  10 necrophages
  A gnoll sergeant (D:5)
  A glowing shapeshifter simulacrum (Depths:3)
  A scorpion (D:9)
  A spriggan zombie (Crypt:1)
  5 wights
  A hornet simulacrum (D:14)
  A yak zombie (Crypt:1)
  A killer bee (D:8)
  2 lindwurm simulacra (IceCv)
  2 electric eels
  A troll skeleton (Crypt:2)
  2 howler monkeys
  6 crimson imps (Pan)
  43 starcursed masses
  2 quasits
  3 hounds
  6 komodo dragon simulacra (IceCv)
  12 orc priests
  3 jellies
  2 gnoll boudas
  2 iron imps (Abyss:3)
  8 iguanas
  Ijyb (D:4)
  17 orc wizards
  6 hell rats (Lair:1)
  An acid dragon zombie (Crypt:1)
  A tengu zombie (Crypt:3)
  A deep dwarf skeleton (Crypt:2)
  An acid dragon skeleton (Crypt:2)
  A hound skeleton (Crypt:3)
  16 gnolls
  6 acid dragon simulacra (IceCv)
  8 adders
  16 river rats
  4 white imps
  2 ufetubi
  7 steam dragon simulacra (IceCv)
  A jelly zombie (Crypt:1)
  A worm (D:3)
  3 dart slugs (D:4)
  69 orcs
  7 ball pythons
  12 bats
  7 endoplasms
  3 giant cockroaches
  6 goblins
  9 hobgoblins
  A jackal (D:4)
  8 kobolds
  9 quokkas (Lair:1)
  A ball python skeleton (Crypt:2)
  4 frilled lizards
  A giant cockroach zombie (Crypt:3)
  17 rats
  A lurking horror (Abyss:3)
  4 starspawn tentacles (Abyss:3)
  3 tentacles (Shoals:4)
2887 creatures vanquished.

Vanquished Creatures (collateral kills)
  An acid blob (Slime:5)
  A rockslime (Slime:5)
  An azure jelly (Slime:5)
  2 quicksilver oozes (Slime:5)
  A lorocyproca (Pan)
  A deep troll (Depths:4)
  A flayed ghost (Crypt:3)
  3 flying skulls (Crypt:3)
  A wraith (Crypt:3)
  A shadow (Crypt:3)
  A ball lightning (Pan)
14 creatures vanquished.

Vanquished Creatures (others)
  A deep elf blademaster (Elf:2)
  2 acid blobs
  The ghost of jejorda2 the Peltast, an adept PaBe of Trog (Snake:4)
  A cacodemon (Pan)
  A ghoul (Crypt:1)
  A curse skull (Pan)
  A demonspawn corrupter (Pan)
  2 very ugly things
  A vampire knight (Crypt:2)
  A blizzard demon (Pan)
  A deep elf high priest (Elf:1)
  A servant of whispers (Desolation)
  A vault guard (Vaults:5)
  An ice dragon (Depths:4)
  A dancing weapon (Elf:2)
  A merfolk aquamancer (Depths:3)
  A spriggan berserker (Depths:4)
  A spriggan (Depths:3)
  A soul eater (Pan)
  3 deep elf knights
  A skeletal warrior (Vaults:2)
  A flayed ghost (Crypt:1)
  A glowing orange brain (Pan)
  An ironbound convoker (Vaults:3)
  3 deep elf zephyrmancers
  A water nymph (Depths:3)
  A rime drake (IceCv)
  2 yaktaurs (Vaults:5)
  A hellwing (Pan)
  A tengu conjurer (Depths:2)
  A komodo dragon (Lair:2)
  2 merfolk (Shoals:4)
  A hornet (Depths:3)
  A slime creature (Slime:4)
  A wraith (Crypt:3)
  A ynoxinul (Pan)
  A human (Lair:3)
  A water elemental (Elf:1)
  A large abomination (Pan)
  A warg (Orc:2)
  2 small abominations (Abyss:3)
  An orc priest (Orc:1)
  4 orcs
  A rat (shapeshifter) (Vaults:1)
  2 ball lightnings (Pan)
  A block of ice (Pan)
  A bush (Elf:1)
  6 foxfires (Abyss:3)
  42 fungi
  A lurking horror (Abyss:3)
  166 plants
  14 starspawn tentacles (Abyss:3)
  4 tentacles (Shoals:4)
293 creatures vanquished.

Grand Total: 3194 creatures vanquished

Notes
Turn   | Place    | Note
-------+----------+-------------------------------------------
     0 | D:1      | ragingrage the Troll Fighter began the quest for the Orb.
     0 | D:1      | Reached XP level 1. HP: 22/22 MP: 0/0
   255 | D:1      | Reached XP level 2. HP: 29/29 MP: 1/1
   300 | D:1      | Reached skill level 3 in Unarmed Combat
   862 | D:2      | Reached skill level 4 in Unarmed Combat
   862 | D:2      | Reached XP level 3. HP: 35/36 MP: 2/2
  1111 | D:3      | Found a hide-covered altar of Uskayaw.
  1141 | D:3      | Found Qyecs's Book Shoppe.
  1162 | D:3      | Reached XP level 4. HP: 43/44 MP: 3/3
  1429 | D:3      | Found a shadowy altar of Dithmenos.
  1526 | D:3      | Reached skill level 5 in Unarmed Combat
  1527 | D:3      | Paralysed by a hobgoblin for 3 turns
  1585 | D:3      | Reached XP level 5. HP: 50/50 MP: 4/4
  1715 | D:3      | Found a basalt altar of Yredelemnul.
  1717 | D:3      | Found a bloodstained altar of Trog.
  1717 | D:3      | Found an ancient bone altar of Kikubaaqudgha.
  1718 | D:3      | Found a shimmering altar of Xom.
  1938 | D:4      | Noticed Eustachio
  2099 | D:4      | Killed Eustachio
  2100 | D:4      | Reached skill level 6 in Unarmed Combat
  2100 | D:4      | Reached XP level 6. HP: 59/59 MP: 5/5
  2218 | D:4      | Reached skill level 7 in Unarmed Combat
  2285 | D:4      | Noticed Ijyb
  2327 | D:4      | Killed Ijyb
  2328 | D:4      | Reached XP level 7. HP: 9/66 MP: 6/6
  2425 | D:4      | Found a broken altar of Ashenzari.
  2580 | D:4      | Found a glowing silver altar of Zin.
  2629 | D:4      | Found an opulent altar of Gozag.
  2743 | D:4      | Noticed Grinder
  2785 | D:4      | Reached skill level 8 in Unarmed Combat
  2788 | D:4      | Paralysed by Grinder for 2 turns
  2795 | D:4      | Killed Grinder
  2886 | D:5      | Entered Level 5 of the Dungeon
  2893 | D:5      | Found Emomang's Tremendous Tomes.
  2936 | D:4      | Reached skill level 9 in Unarmed Combat
  3105 | D:5      | Found a staircase to the Ecumenical Temple.
  3129 | D:5      | Reached XP level 8. HP: 46/74 MP: 7/7
  3133 | Temple   | Entered the Ecumenical Temple
  3201 | Temple   | Became a worshipper of Ru the Awakened
  3486 | D:5      | Reached skill level 10 in Unarmed Combat
  3979 | D:6      | Found Jenyck's Antique Armour Shoppe.
  3985 | D:6      | Bought a glimmering tower shield for 275 gold pieces
  3985 | D:6      | Identified the +3 tower shield of the Voracious God {Fly
                  | rF+ Int+2} (You bought it in a shop on level 6 of the
                  | Dungeon)
  4121 | D:6      | Reached skill level 11 in Unarmed Combat
  4420 | D:6      | Gained mutation: You cannot train Dodging skill. [Ru
                  | sacrifice]
  4420 | D:6      | Reached * piety under Ru
  4625 | D:6      | Noticed a troll
  4638 | D:6      | Killed a troll
  4812 | D:7      | Reached XP level 9. HP: 80/80 MP: 8/8
  4829 | D:7      | Found an ornate altar of the Wu Jian Council.
  4835 | D:7      | Reached skill level 12 in Unarmed Combat
  5288 | D:7      | Identified a scroll of acquirement
  5288 | D:7      | Acquired the +14 shadow dragon scales "Levatt" {rElec rPois
                  | rN+ Int-2 Stlth++++}
  5678 | D:8      | Reached skill level 13 in Unarmed Combat
  5721 | D:8      | Reached skill level 1 in Armour
  6354 | D:9      | Reached XP level 10. HP: 88/88 MP: 9/9
  6379 | D:9      | Gained mutation: You cannot be stealthy. [Ru sacrifice]
  6379 | D:9      | Reached ** piety under Ru
  6465 | D:9      | Reached skill level 1 in Throwing
  6522 | D:9      | Found a staircase to the Lair.
  6629 | D:9      | Noticed Joseph
  6649 | D:9      | Killed Joseph
  6756 | D:9      | Noticed an orange demon
  6757 | D:9      | Noticed Amaemon
  6808 | D:8      | Killed an orange demon
  6809 | D:8      | Reached skill level 14 in Unarmed Combat
  6819 | D:9      | Killed Amaemon
  7076 | D:10     | Entered Level 10 of the Dungeon
  7168 | D:10     | Noticed Nergalle
  7486 | D:10     | Killed Nergalle
  7494 | D:10     | Noticed Psyche
  7507 | D:10     | Killed Psyche
  7838 | D:10     | Found a sparkling altar of Nemelex Xobeh.
  8042 | D:10     | Reached XP level 11. HP: 100/100 MP: 10/10
  8177 | D:10     | Identified the ring of the Nightingale {rElec Str+6 Int+3
                  | Dex+6}
  8185 | D:10     | Noticed Grum
  8188 | D:10     | Reached skill level 5 in Armour
  8191 | D:10     | Killed Grum
  8566 | D:11     | Noticed a boulder beetle
  8576 | D:11     | Killed a boulder beetle
  8577 | D:11     | Reached skill level 5 in Shields
  8578 | D:11     | Noticed a green ugly thing
  8597 | D:11     | Killed a green ugly thing
  8642 | D:11     | Noticed a boulder beetle
  8652 | D:11     | Killed a boulder beetle
  8679 | D:11     | Found a staircase to the Orcish Mines.
  8738 | D:11     | Gained mutation: You occasionally shout uncontrollably at
                  | your foes. [Ru sacrifice]
  9002 | D:12     | Reached skill level 5 in Fighting
  9145 | D:12     | Noticed a two-headed ogre
  9149 | D:12     | Killed a two-headed ogre
  9158 | D:12     | Reached skill level 15 in Unarmed Combat
  9253 | D:12     | Noticed a two-headed ogre
  9257 | D:12     | Noticed a tengu warrior
  9259 | D:12     | Killed a two-headed ogre
  9266 | D:12     | Killed a tengu warrior
  9267 | D:12     | Reached skill level 5 in Throwing
  9304 | D:12     | Noticed a centaur warrior
  9319 | D:12     | Killed a centaur warrior
  9320 | D:12     | Reached XP level 12. HP: 109/111 MP: 11/11
  9424 | D:12     | Found a sparkling altar of Nemelex Xobeh.
  9769 | Lair:1   | Entered Level 1 of the Lair of Beasts
  9769 | Lair:1   | Noticed a boulder beetle
  9777 | Lair:1   | Killed a boulder beetle
 10015 | Lair:1   | Gained mutation: You cannot study or cast Poison magic. [Ru
                  | sacrifice]
 10015 | Lair:1   | Gained mutation: You cannot study or cast Hexes magic. [Ru
                  | sacrifice]
 10015 | Lair:1   | Gained mutation: You cannot study or cast Necromancy magic.
                  | [Ru sacrifice]
 10015 | Lair:1   | Reached *** piety under Ru
 10387 | Lair:1   | Noticed a catoblepas
 10401 | Lair:1   | Killed a catoblepas
 10614 | Lair:1   | Acquired a manual of Armour
 11289 | Lair:2   | Found a staircase to the Snake Pit.
 11366 | Lair:2   | Gained mutation: You are missing an eye, making it more
                  | difficult to aim. [Ru sacrifice]
 11366 | Lair:2   | Reached **** piety under Ru
 11421 | Lair:2   | Found a basalt altar of Yredelemnul.
 11502 | Lair:2   | Found a staircase to the Shoals.
 11603 | Lair:2   | Noticed a six-headed hydra
 11615 | Lair:2   | Killed a six-headed hydra
 11892 | Lair:3   | Noticed a four-headed hydra
 11901 | Lair:3   | Killed a one-headed hydra
 11902 | Lair:3   | Reached skill level 16 in Unarmed Combat
 12077 | Lair:3   | Noticed Kirke
 12089 | Lair:3   | Killed Kirke
 12098 | Lair:3   | Found a frozen archway.
 12114 | IceCv    | Entered an ice cave
 12156 | IceCv    | Reached XP level 13. HP: 116/123 MP: 12/12
 12552 | IceCv    | Noticed a white draconian
 12593 | IceCv    | Killed a white draconian
 12594 | IceCv    | Gained mutation: You are somewhat inexperienced. (-1 XL)
                  | [Ru sacrifice]
 12594 | IceCv    | Reached XP level 12. HP: 73/115 MP: 11/11
 12594 | IceCv    | Reached ***** piety under Ru
 13534 | Lair:4   | Found a staircase to the Slime Pits.
 13551 | Lair:4   | Learned a level 2 spell: Wereblood
 13628 | Lair:4   | Reached skill level 17 in Unarmed Combat
 13787 | Lair:4   | Found a viscous altar of Jiyva.
 14242 | Lair:5   | Entered Level 5 of the Lair of Beasts
 14434 | Lair:4   | Reached skill level 10 in Armour
 14494 | Lair:4   | Reached XP level 13. HP: 127/127 MP: 12/12
 14632 | Lair:5   | Reached skill level 18 in Unarmed Combat
 16037 | Orc:1    | Entered Level 1 of the Orcish Mines
 16164 | Orc:1    | Found Saukuv's Specific Store.
 16176 | Orc:1    | Found Zocuij's General Store.
 16185 | Orc:1    | Bought a scroll of summoning for 161 gold pieces
 16426 | Orc:1    | Paralysed by an orc sorcerer for 5 turns
 16731 | Orc:2    | Entered Level 2 of the Orcish Mines
 16940 | Orc:2    | Reached skill level 19 in Unarmed Combat
 16965 | Orc:2    | Gained mutation: You occasionally lose the ability to drink
                  | potions when taking damage. [Ru sacrifice]
 16965 | Orc:2    | Gained mutation: You sometimes lose the ability to drink
                  | potions when taking damage. [Ru sacrifice]
 16965 | Orc:2    | Reached ****** piety under Ru
 17513 | Orc:2    | Found a staircase to the Elven Halls.
 17818 | Orc:1    | Paralysed by an orc sorcerer for 3 turns
 18251 | Orc:2    | Found Omeos's Antique Weapon Emporium.
 18251 | Orc:2    | Found Exzeedoo's Book Boutique.
 18253 | Orc:2    | Found Toppiogh's Antique Weapon Emporium.
 18253 | Orc:2    | Found Dave's Jewellery Boutique.
 18262 | Orc:2    | Bought the amulet of the Barnacle {Will++ Regen+} for 561
                  | gold pieces
 18506 | D:13     | Reached XP level 14. HP: 140/140 MP: 13/13
 19116 | D:14     | Found a portal to a secret trove of treasure.
 19706 | D:14     | Found a gate to the Vaults.
 19788 | D:15     | Entered Level 15 of the Dungeon
 19930 | D:15     | Reached skill level 10 in Fighting
 20177 | D:15     | Reached skill level 20 in Unarmed Combat
 20209 | D:15     | Found a staircase to the Depths.
 20311 | D:15     | Found an iron altar of Okawaru.
 20814 | Snake:1  | Entered Level 1 of the Snake Pit
 21633 | Snake:2  | Noticed Mlioglotl
 21655 | Snake:1  | Killed Mlioglotl
 21676 | Snake:2  | Found a runed translucent door.
 21834 | Snake:2  | Identified the +6 chain mail of Bitterness {rElec rC+ Will+
                  | rCorr}
 22295 | Snake:2  | Noticed Aizul
 22325 | Snake:2  | Killed Aizul
 22783 | Snake:2  | Identified the +6 long sword of Darkness {vorpal, rPois rF-
                  | rCorr Str-4}
 22875 | Snake:3  | Reached XP level 15. HP: 151/152 MP: 14/14
 23740 | Snake:4  | Entered Level 4 of the Snake Pit
 23778 | Snake:4  | Found Rapsuloc's Antique Armour Emporium.
 24096 | Snake:4  | Noticed Vashnia
 24128 | Snake:4  | Killed Vashnia
 24814 | Snake:4  | Noticed jejorda2's ghost (adept PaBe)
 24819 | Snake:4  | Found a runed translucent door.
 25449 | Snake:4  | Got a serpentine rune of Zot
 25520 | Snake:4  | Killed jejorda2's ghost
 25668 | Shoals:1 | Entered Level 1 of the Shoals
 25678 | Shoals:1 | Reached skill level 21 in Unarmed Combat
 25878 | Shoals:1 | Reached XP level 16. HP: 163/163 MP: 15/15
 26559 | Shoals:2 | Noticed Ilsuiw
 26590 | Shoals:2 | Killed Ilsuiw
 26647 | Shoals:2 | Reached skill level 10 in Shields
 27810 | Shoals:3 | Found Ifotit's Antique Armour Emporium.
 27817 | Shoals:3 | Found Yxanat's Assorted Antiques.
 27831 | Shoals:3 | Bought 2 potions of heal wounds for 190 gold pieces
 27833 | Shoals:3 | Found Isihi's Book Shoppe.
 27843 | Shoals:3 | Found Ygawibun's Distillery.
 27856 | Shoals:3 | Bought a potion of haste for 200 gold pieces
 27856 | Shoals:3 | Bought a potion of curing for 60 gold pieces
 27856 | Shoals:3 | Bought a potion of curing for 60 gold pieces
 27856 | Shoals:3 | Bought a potion of attraction for 60 gold pieces
 27856 | Shoals:3 | Bought a potion of haste for 200 gold pieces
 27856 | Shoals:3 | Bought a potion of curing for 60 gold pieces
 28307 | Shoals:3 | Found Qaluo's Magic Scroll Shoppe.
 28310 | Shoals:3 | Bought a scroll of teleportation for 57 gold pieces
 28310 | Shoals:3 | Bought a scroll of teleportation for 57 gold pieces
 28310 | Shoals:3 | Bought a scroll of blinking for 142 gold pieces
 28393 | Shoals:4 | Entered Level 4 of the Shoals
 28476 | Shoals:4 | Found Sofuac's Distillery.
 28504 | Shoals:4 | Reached skill level 1 in Evocations
 28514 | Shoals:4 | Bought a potion of heal wounds for 60 gold pieces
 28514 | Shoals:4 | Bought a potion of haste for 120 gold pieces
 28514 | Shoals:4 | Bought a potion of curing for 36 gold pieces
 28514 | Shoals:4 | Bought a potion of might for 48 gold pieces
 28514 | Shoals:4 | Bought a potion of curing for 36 gold pieces
 28514 | Shoals:4 | Bought a potion of curing for 36 gold pieces
 29114 | Shoals:4 | Noticed a kraken
 29126 | Shoals:4 | Killed a kraken
 29196 | Shoals:4 | Got Farehata's Anthology of the Mortuary and Vitiation
 29270 | Shoals:4 | Found the +12 glaive of Prune {vorpal}
 29570 | Shoals:4 | Got a barnacled rune of Zot
 29680 | Shoals:1 | Reached skill level 10 in Throwing
 29840 | Orc:2    | Bought the ring of Qoosus {rElec rC+ SInv Stlth+} for 426
                  | gold pieces
 30251 | Elf:1    | Entered Level 1 of the Elven Halls
 30297 | Elf:1    | Reached XP level 17. HP: 151/167 MP: 16/16
 30410 | Elf:1    | You are sucked into a shaft and drop 1 floor!
 30424 | Elf:2    | Found a runed translucent gate.
 30424 | Elf:2    | Found a runed translucent gate.
 30424 | Elf:2    | Found a runed translucent gate.
 30565 | Elf:2    | Paralysed by an air elemental for 1 turns
 30570 | Elf:2    | Paralysed by an air elemental for 1 turns
 30631 | Elf:1    | Found a crumbling gateway.
 30641 | Desolati | Entered the Desolation of Salt
 30845 | Desolati | Identified the ring of Wokhloag {rC+ Dex+2}
 30848 | Desolati | Identified the +1 helmet of Puonaf {rF+ rN+ Slay+3}
 30850 | Desolati | Identified the +4 troll leather armour of an ossuary
                  | {Rampage rElec rF- Regen+ Dex+8}
 30968 | Desolati | Found the +8 frozen axe "Frostbite" {freezing cloud, *Noise
                  | Fly rC+}
 30984 | Desolati | Identified the amulet "Ijubbeott" {Spirit -Tele rF+ rN+++
                  | Dex-2}
 31018 | Desolati | Got Dispater's Almanac of Attendants
 31141 | Desolati | Identified the +6 plate armour of Tartarus {Will++ Stlth+}
 31481 | Elf:1    | Reached skill level 22 in Unarmed Combat
 32417 | Elf:2    | Reached skill level 5 in Evocations
 32555 | Elf:2    | Reached XP level 18. HP: 160/170 MP: 8/17
 32658 | Elf:2    | Paralysed by an air elemental for 1 turns
 32762 | Elf:2    | Found Ehej's General Store.
 32768 | Elf:2    | Bought a scroll of teleportation for 51 gold pieces
 32768 | Elf:2    | Bought a potion of haste for 170 gold pieces
 32768 | Elf:2    | Bought a potion of mutation for 136 gold pieces
 33501 | Elf:3    | Entered Level 3 of the Elven Halls
 33619 | Elf:3    | Noticed Bai Suzhen
 33642 | Elf:2    | Killed Bai Suzhen
 33948 | Elf:3    | Found Gaoptah's Magic Scroll Shoppe.
 33948 | Elf:3    | Found Ymacwoupp's General Store.
 33971 | Elf:3    | Found Haenol's General Store.
 33975 | Elf:3    | Bought a scroll of teleportation for 39 gold pieces
 33975 | Elf:3    | Bought 2 potions of might for 104 gold pieces
 33975 | Elf:3    | Found Macw's Assorted Antiques.
 33978 | Elf:3    | Bought a scroll of teleportation for 42 gold pieces
 33978 | Elf:3    | Bought a scroll of blinking for 105 gold pieces
 34041 | Elf:3    | Found a one-way gate to the infinite horrors of the Abyss.
 34041 | Elf:3    | Noticed Waiwil's ghost (adept DsFi)
 34060 | Elf:3    | Found Genow's Armour Shop.
 34112 | Elf:3    | Identified the +1 robe of Gistiv Jau {-Tele rF+ Dex+5}
 34240 | Elf:3    | Found a transporter.
 34368 | Elf:3    | Found a transporter.
 34369 | Elf:3    | Noticed a profane servitor
 34502 | Elf:3    | Identified the +0 quarterstaff of Sulphur {freeze, rN++
                  | Dex+7 Stlth-}
 34565 | Elf:3    | Noticed a profane servitor
 34603 | Elf:3    | Identified the +6 battleaxe "Gickig" {vorpal, Int+4}
 34776 | Elf:3    | Identified the +1 plate armour of the Snail {rF++ Regen+
                  | rCorr Int-2}
 34805 | Elf:3    | Identified the +1 robe of Youthful Indiscretion {rCorr
                  | Dex+4 SInv}
 35070 | Elf:3    | Identified the ring of Wasinwops {Will+ rCorr Str+4}
 35108 | Elf:3    | Identified the +6 shortbow of Change {vorpal, Dex+3}
 35165 | Elf:3    | Got Rorghonoa's Handbook of Fire
 35527 | Vaults:1 | Entered Level 1 of the Vaults
 35649 | Vaults:1 | Found a flickering gateway to a bazaar.
 35693 | Bazaar   | Entered a bazaar
 35693 | Bazaar   | Found Zurotun's Armour Boutique.
 35693 | Bazaar   | Found Dicaepl Viet's Antique Weapon Shop.
 35693 | Bazaar   | Found Leitemep's Armour Shop.
 35703 | Bazaar   | Bought a jewelled great sword for 264 gold pieces
 35703 | Bazaar   | Identified the +9 great sword of Valiance {elec, Fragile
                  | rElec rF+ SInv} (You bought it in a shop in a bazaar)
 35759 | Vaults:1 | Reached XP level 19. HP: 167/197 MP: 18/18
 36163 | Vaults:1 | Reached skill level 23 in Unarmed Combat
 36225 | Vaults:1 | Found a runed translucent gate.
 36225 | Vaults:1 | Found a runed translucent gate.
 36225 | Vaults:1 | Found a runed translucent gate.
 37212 | Vaults:1 | Reached skill level 15 in Armour
 37244 | Vaults:1 | Found a runed translucent gate.
 37244 | Vaults:1 | Found a runed translucent gate.
 37244 | Vaults:1 | Noticed agentgt's ghost (veteran KoAK)
 37260 | Vaults:1 | Found a runed translucent gate.
 37520 | Vaults:2 | Found a staircase to the Crypt.
 37644 | Vaults:2 | Found Fagofok's Jewellery Emporium.
 37837 | Vaults:2 | Found a huge runed gate.
 37837 | Vaults:2 | Found a huge runed gate.
 37837 | Vaults:2 | Found a huge runed gate.
 37837 | Vaults:2 | Found a huge runed gate.
 37844 | Vaults:2 | Found a huge runed gate.
 37844 | Vaults:2 | Found a huge runed gate.
 37857 | Vaults:2 | Found a huge runed gate.
 37862 | Vaults:2 | Found a huge runed gate.
 37862 | Vaults:2 | Found a huge runed gate.
 37862 | Vaults:2 | Found a huge runed gate.
 37882 | Vaults:2 | Found a huge runed gate.
 37882 | Vaults:2 | Found a huge runed gate.
 37882 | Vaults:2 | Found a huge runed gate.
 37992 | Vaults:2 | Found a huge runed gate.
 37993 | Vaults:2 | Found a huge runed gate.
 37994 | Vaults:2 | Found a huge runed gate.
 37995 | Vaults:2 | Found a huge runed gate.
 37996 | Vaults:2 | Found a huge runed gate.
 37997 | Vaults:2 | Found a huge runed gate.
 38005 | Vaults:2 | Found a huge runed gate.
 38005 | Vaults:2 | Found a huge runed gate.
 38005 | Vaults:2 | Found a huge runed gate.
 38005 | Vaults:2 | Found a huge runed gate.
 38005 | Vaults:2 | Found a huge runed gate.
 38005 | Vaults:2 | Found a huge runed gate.
 38043 | Vaults:2 | Found a huge runed gate.
 38044 | Vaults:2 | Found a huge runed gate.
 38045 | Vaults:2 | Found a huge runed gate.
 38053 | Vaults:2 | Found a huge runed gate.
 38053 | Vaults:2 | Found a huge runed gate.
 38053 | Vaults:2 | Found a huge runed gate.
 38053 | Vaults:2 | Found a huge runed gate.
 38053 | Vaults:2 | Found a huge runed gate.
 38053 | Vaults:2 | Found a huge runed gate.
 38054 | Vaults:2 | Found a huge runed gate.
 38055 | Vaults:2 | Found a huge runed gate.
 38246 | Vaults:2 | Reached XP level 20. HP: 206/207 MP: 19/19
 39138 | Vaults:3 | Reached skill level 15 in Fighting
 39851 | Vaults:4 | Found Tifin's Antique Weapon Boutique.
 40060 | Vaults:4 | Found Reugh's Distillery.
 40202 | Vaults:4 | Found Ubboah's Book Shoppe.
 40231 | Vaults:4 | Noticed Boris
 40246 | Vaults:4 | Killed Boris
 40306 | Vaults:4 | Found Ceukkuma's Armour Boutique.
 40311 | Vaults:4 | Found a flickering gateway to a bazaar.
 40339 | Vaults:4 | Noticed Margery
 40345 | Vaults:4 | Killed Margery
 40399 | Bazaar   | Entered a bazaar
 40401 | Bazaar   | Found Poax Siwk's Weapon Boutique.
 40405 | Bazaar   | Found Downev's Antique Armour Boutique.
 40405 | Bazaar   | Found Imeveahe's Magic Scroll Boutique.
 40406 | Bazaar   | Found Zifiyble's Book Boutique.
 40421 | Bazaar   | Acquired 1109 gold pieces
 40423 | Bazaar   | Bought a scroll of teleportation for 36 gold pieces
 40433 | Bazaar   | Bought a manual of Shields for 1200 gold pieces
 41204 | Depths:1 | Entered Level 1 of the Depths
 41204 | Depths:1 | Noticed Asterion
 41212 | Depths:1 | Killed Asterion
 41213 | Depths:1 | Reached skill level 15 in Shields
 41404 | Depths:1 | Noticed Foimof's ghost (adept FeVM)
 41434 | Depths:1 | Reached skill level 1 in Transmutations
 41472 | Depths:1 | Found a runed translucent door.
 41490 | Depths:1 | Killed Foimof's ghost
 41503 | Depths:1 | Got the Commentary on Earth
 41727 | Depths:1 | Found a gateway to Hell.
 41857 | Depths:1 | Found a glowing golden altar of the Shining One.
 41875 | Depths:1 | Noticed Nikola
 41887 | Depths:1 | Killed Nikola
 41888 | Depths:1 | Reached skill level 24 in Unarmed Combat
 41888 | Depths:1 | Reached XP level 21. HP: 212/218 MP: 20/20
 42212 | Depths:2 | Found a one-way gate leading to the halls of Pandemonium.
 42695 | Depths:3 | Noticed a golden dragon
 42738 | Depths:3 | Noticed the Enchantress
 42763 | Depths:3 | Killed the Enchantress
 42830 | Depths:3 | Noticed Parghit
 42839 | Depths:3 | Killed a golden dragon
 42846 | Depths:3 | Killed Parghit
 42897 | Depths:3 | Noticed Saint Roka
 42930 | Depths:3 | Killed Saint Roka
 43193 | Depths:3 | Noticed a golden dragon
 43218 | Depths:3 | Killed a golden dragon
 43385 | Depths:3 | Identified the +0 ring mail of the Tarantula {Rampage rElec
                  | rN++ Dex-3}
 44150 | Depths:3 | Found a one-way gateway to a ziggurat.
 44240 | Depths:2 | Noticed Boris
 44282 | Depths:2 | Killed Boris
 44395 | Depths:2 | Identified the +6 rapier of Zasow {holy, Int+2}
 44402 | Depths:2 | Noticed a caustic shrike
 44402 | Depths:2 | Noticed a golden dragon
 44409 | Depths:2 | Killed a caustic shrike
 44420 | Depths:2 | Killed a golden dragon
 44732 | Depths:4 | Entered Level 4 of the Depths
 44732 | Depths:4 | Noticed Mennas
 44753 | Depths:3 | Reached XP level 22. HP: 152/208 MP: 14/21
 44761 | Depths:3 | Killed Mennas
 44773 | Depths:3 | Reached skill level 5 in Transmutations
 44883 | Depths:4 | Identified the +2 flail "Asehahil" {drain, Stlth+}
 45149 | Depths:4 | Found a gate to the Realm of Zot.
 45355 | Depths:4 | Noticed Boris
 45371 | Depths:4 | Killed Boris
 45590 | Depths:4 | Found Methec's Antique Armour Emporium.
 45610 | Depths:4 | Reached skill level 25 in Unarmed Combat
 45770 | Depths:4 | Noticed a caustic shrike
 45770 | Depths:4 | Noticed a caustic shrike
 45771 | Depths:4 | a caustic shrike changed into a shadow dragon
 45775 | Depths:4 | Noticed a caustic shrike
 45777 | Depths:4 | Noticed a caustic shrike
 45790 | Depths:4 | Killed a caustic shrike
 45794 | Depths:4 | Killed a caustic shrike
 45805 | Depths:4 | Killed a caustic shrike
 45891 | Depths:3 | Voluntarily entered the Abyss.
 45928 | Abyss:2  | Found a corrupted altar of Lugonu.
 46173 | Abyss:3  | Noticed a dread lich
 46196 | Abyss:3  | Killed a dread lich
 46724 | Abyss:3  | Found a corrupted altar of Lugonu.
 46884 | Abyss:3  | Found a corrupted altar of Lugonu.
 47027 | Abyss:3  | Found a corrupted altar of Lugonu.
 47112 | Abyss:3  | Reached XP level 23. HP: 64/229 MP: 22/22
 47126 | Depths:3 | Escaped the Abyss
 47321 | Depths:3 | Voluntarily entered the Abyss.
 47330 | Abyss:3  | Found a transporter.
 47334 | Abyss:3  | Found a transporter.
 47336 | Abyss:3  | Got an abyssal rune of Zot
 47343 | Abyss:3  | Reached skill level 15 in Throwing
 47376 | Abyss:3  | HP: 8/218 [white draconian stormcaller/+0 rapier (10)]
 47576 | Abyss:3  | Found a transporter.
 47585 | Abyss:3  | Paralysed by accursed screaming for 1 turns
 47597 | Depths:3 | Escaped the Abyss
 47858 | Slime:1  | Entered Level 1 of the Pits of Slime
 48662 | Slime:5  | Entered Level 5 of the Pits of Slime
 48769 | Slime:4  | Reached skill level 26 in Unarmed Combat
 48876 | Slime:5  | Reached skill level 10 in Transmutations
 49013 | Slime:5  | Noticed the Royal Jelly
 49021 | Slime:5  | Killed the Royal Jelly
 49053 | Slime:5  | Noticed Dissolution
 49061 | Slime:5  | Killed Dissolution
 49159 | Slime:5  | Got a slimy rune of Zot
 49171 | Slime:5  | Found the +3 giant club "Skullcrusher" {speed, Str+7}
 49242 | Slime:5  | Identified the +3 sling "Esemab" {vorpal, rC+ Stlth+}
 50100 | Crypt:1  | Entered Level 1 of the Crypt
 52481 | Crypt:2  | Reached XP level 24. HP: 232/235 MP: 20/22
 52726 | Crypt:3  | Entered Level 3 of the Crypt
 52936 | Crypt:3  | Found a staircase to the Tomb.
 53149 | Crypt:3  | Noticed Vv
 53160 | Crypt:3  | Killed Vv
 53305 | Crypt:3  | Found a shimmering altar of Xom.
 53708 | Crypt:3  | Identified the amulet "Zapibiwk" {Faith Dex+4}
 53708 | Crypt:3  | Noticed Sojobo
 53708 | Crypt:3  | Identified the ring of the Everdark {rC+ Int+3}
 53708 | Crypt:3  | Identified the ring of the Squeaky God {Drain rPois Int+4
                  | Dex+6 Slay+5}
 53711 | Crypt:3  | Paralysed by an air elemental for 1 turns
 53714 | Crypt:3  | Paralysed by an air elemental for 1 turns
 53717 | Crypt:3  | Paralysed by an air elemental for 1 turns
 53719 | Crypt:3  | Paralysed by an air elemental for 1 turns
 53722 | Crypt:3  | Paralysed by an air elemental for 1 turns
 53734 | Crypt:3  | Paralysed by an air elemental for 1 turns
 53749 | Crypt:3  | Killed Sojobo
 53819 | Crypt:3  | Identified the ring of Vodka {rPois rF- rN+ rCorr}
 53822 | Crypt:3  | Identified the amulet of Zistotis {Regen+ rCorr}
 54277 | Vaults:5 | Entered Level 5 of the Vaults
 54277 | Vaults:5 | Noticed an ancient lich
 54286 | Vaults:5 | Killed an ancient lich
 54341 | Vaults:5 | Noticed an ancient lich
 54348 | Vaults:5 | Killed an ancient lich
 54349 | Vaults:5 | Reached skill level 27 in Unarmed Combat
 54651 | Vaults:5 | Got the Cyclopedia of Pestilence and the Union
 54924 | Vaults:5 | Identified the +3 hand axe of Filigreed Exoneration
                  | {antimagic, rF+ Str+4}
 55065 | Vaults:5 | Reached XP level 25. HP: 256/256 MP: 22/22
 55096 | Vaults:5 | Identified the +9 demon whip "Bomenkue" {venom, rElec}
 55456 | Vaults:5 | Paralysed by a sphinx for 2 turns
 55509 | Vaults:5 | Noticed an ancient lich
 55524 | Vaults:5 | Killed an ancient lich
 55562 | Vaults:5 | Noticed an ancient lich
 55575 | Vaults:5 | Killed an ancient lich
 55590 | Vaults:5 | Got a silver rune of Zot
 55762 | Vaults:5 | Identified the +1 shortbow of Sharkskin {vorpal, Will+
                  | Str+4}
 55835 | Vaults:5 | Noticed a dread lich
 55843 | Vaults:5 | Killed a dread lich
 55881 | Vaults:5 | Identified the +5 broad axe of the Evil Eye {venom, rN+}
 55887 | Vaults:5 | Identified the +7 chain mail of the Depths {Contam Rampage
                  | rElec rPois rCorr}
 55937 | Vaults:5 | Identified the +9 long sword of Haad {flame, Int+4}
 56174 | Pan      | Entered Pandemonium
 56863 | Pan      | Identified the ring "Uketeup" {rPois Str+4}
 56875 | Pan      | Got a demonic rune of Zot
 56899 | Pan      | Identified the +9 glaive "Micol" {flame, Dex+6}
 56909 | Pan      | Identified the +6 dagger "Suyj" {vorpal, Dex+6}
 57074 | Pan      | Entered the realm of Mnoleg.
 57303 | Pan      | Gained mutation: Your mind is acute. (Int +4, Str/Dex -1)
                  | [a neqoxec]
 57372 | Pan      | Gained mutation: Your body sometimes deteriorates upon
                  | taking damage. [a cacodemon]
 57375 | Pan      | Noticed Mnoleg
 57388 | Pan      | Killed Mnoleg
 57393 | Pan      | Gained mutation: You are frail. (-10% HP) [a neqoxec]
 57410 | Pan      | Reached skill level 10 in Evocations
 57436 | Pan      | Got a glowing rune of Zot
 57437 | Pan      | Lost mutation: Your mind is acute. (Int +4, Str/Dex -1)
                  | [potion of mutation]
 57437 | Pan      | Lost mutation: You are frail. (-10% HP) [potion of
                  | mutation]
 57437 | Pan      | Lost mutation: Your body sometimes deteriorates upon taking
                  | damage. [potion of mutation]
 57437 | Pan      | Gained mutation: Your flesh is cold resistant. (rC+)
                  | [potion of mutation]
 57437 | Pan      | Gained mutation: Armour fits poorly on your strangely
                  | shaped body. [potion of mutation]
 57437 | Pan      | Gained mutation: Your mind is acute. (Int +4, Str/Dex -1)
                  | [potion of mutation]
 57437 | Pan      | Gained mutation: You expend magic power (3 MP) to
                  | strengthen your wands. [potion of mutation]
 57657 | Depths:2 | Escaped Pandemonium
 57725 | Pan      | Entered Pandemonium
 57758 | Pan      | Learned a level 6 spell: Statue Form
 58309 | Pan      | Gained mutation: You are weak. (Str -2) [a neqoxec]
 58351 | Pan      | Found a transporter.
 58370 | Pan      | Identified the +3 sling of Appuezo {vorpal, +Blink}
 58371 | Pan      | Found an exit through the horrors of the Abyss.
 58967 | Pan      | Found a transporter.
 59193 | Pan      | Entered the realm of Lom Lobon.
 59365 | Pan      | Reached XP level 26. HP: 194/269 MP: 21/22
 60338 | Pan      | Reached skill level 1 in Earth Magic
 60462 | Pan      | Noticed Lom Lobon
 60488 | Pan      | Killed Lom Lobon
 60622 | Pan      | Got a magical rune of Zot
 60849 | Pan      | Noticed Feguzu the pandemonium lord
 60857 | Pan      | Killed Feguzu the pandemonium lord
 61038 | Pan      | Found an exit through the horrors of the Abyss.
 61105 | Pan      | Gained mutation: Your spells are a little easier to cast,
                  | but a little less powerful. [a cacodemon]
 61140 | Pan      | Gained mutation: Your body sometimes deteriorates upon
                  | taking damage. [a cacodemon]
 61143 | Pan      | Gained mutation: Your magical capacity is low. (-10% MP) [a
                  | cacodemon]
 61277 | Pan      | Found an exit through the horrors of the Abyss.
 61406 | Pan      | Gained mutation: Your magical capacity is very low. (-20%
                  | MP) [a neqoxec]
 61537 | Pan      | Entered the realm of Gloorx Vloq.
 62516 | Pan      | Identified the +10 quarterstaff of Regicide {venom, rN+
                  | Str+4}
 62926 | Pan      | Noticed Gloorx Vloq
 63106 | Pan      | Killed Gloorx Vloq
 63107 | Pan      | Reached skill level 5 in Earth Magic
 63233 | Pan      | Got a dark rune of Zot
 63490 | Depths:2 | Escaped Pandemonium
 63613 | Pan      | Entered the realm of Cerebov.
 63613 | Pan      | Entered Pandemonium
 63769 | Pan      | Found the +6 sword of Cerebov {flame}
 63769 | Pan      | Noticed Cerebov
 63816 | Pan      | Killed Cerebov
 63927 | Pan      | Identified the amulet of Cule {Faith Str+2}
 63969 | Pan      | Identified the +3 sling of Wicihaf {freeze, rF++ Will+
                  | Str+8 Dex-2}
 63970 | Pan      | Identified the ring "Cupnighy" {*Corrode rPois rF+++ rN+
                  | Dex-4}
 64027 | Pan      | Got a fiery rune of Zot
 64107 | Pan      | Identified the +4 dire flail of Checkmate {freeze, Will+}
 65172 | Depths:2 | Escaped Pandemonium
 65287 | Zot:1    | Entered Level 1 of the Realm of Zot
 65396 | Zot:1    | Noticed a dread lich
 65408 | Zot:1    | HP: 11/263 [white draconian/blast of cold (6)]
 65413 | Zot:1    | HP: 10/263 [titan/the air (7)]
 65420 | Zot:2    | HP: 6/251 [death cob (13)]
 65421 | Zot:2    | Mangled by a death cob

Illustrated notes

Levels and vault maps discovered:
D:1:      ebering_hopf_link, layout_basic
D:2:      layout_loops_cross
D:3:      kennysheep_big_flooded_room, layout_basic, minitemple,
          mainiacjoe_overflow_concentric_impassable, serial_shops,
          nicolae_shop_stone
D:4:      minmay_wonky_spiral, layout_basic,
          pdpol_temple_overflow_zin_treasury_gozag_greed,
          evilmike_ruin_ashenzari, serial_glass, glass_columns_b,
          glass_columns_b, due_unseen_surprise, item_on_display_a,
          item_on_display_a, uniq_eustachio, uniq_ijyb, uniq_grinder
D:5:      layout_gridville, minmay_temple_entry_grid,
          nicolae_shop_i_like_big_books
D:6:      layout_loops_cross, serial_shops, nicolae_shop_advertising_works
          [nicolae_subvault_shop_adworks], minmay_liquid_box,
          kennysheep_generic_room_4
D:7:      layout_loops_corners, nicolae_wu_jian_wuxing_cycle,
          dreamdust_gnoll_farm
D:8:      layout_basic, minmay_quadrilaterals
D:9:      layout_basic, due_lair_maze_entry_diamond, uniq_joseph, uniq_amaemon
D:10:     layout_basic, mainiacjoe_overflow_24_doors, minmay_circle_x,
          uniq_nergalle, uniq_grum, uniq_psyche
D:11:     layout_cave_pools, minmay_orc_entry_guard_dogs
D:12:     layout_gridville, nemelex_xobeh_ov_fountains_minmay
D:13:     layout_rooms, hangedman_batty
D:14:     layout_small_grid, david_vaults_5, nicolae_trove_entry_diagonal,
          dreamdust_mushroom_princess, minmay_misc_feat_hallway
D:15:     grunt_enter_depths_magical_seal, layout_basic, lemuel_doored_altar,
          nicolae_benzene_ring, feat_on_display
Temple:   jpeg_temple_clearing
Lair:1:   lemuel_ratsnest, layout_small_grid
Lair:2:   layout_gridlike, elwin_shoals_entry_stream,
          minmay_snake_entry_guardpost_large, basic_altar, pond,
          serial_bayou_shore_a
Lair:3:   layout_regular_city, portal_ice_cave_entry_pillars_1,
          patterned_corridor, uniq_kirke
Lair:4:   layout_cave_pods, slime_entry_1, infiniplex_staircase_pool,
          grunt_megastairs_3
Lair:5:   evilmike_catoblepas_cave, layout_regular_city,
          chequers_serial_rivers_room_a, grunt_megastairs_1
Shoals:1: layout_shoals
Shoals:2: layout_shoals, uniq_ilsuiw
Shoals:3: layout_shoals, serial_shops, shop, shop, nicolae_shop_behind_doors,
          shop, shop_statue
Shoals:4: shoals_end_simple, layout_shoals, serial_shops,
          nicolae_shop_waterfront, nicolae_shoals_secluded_bog
Snake:1:  nicolae_snake_nest, layout_misc_corridors
Snake:2:  layout_cave_town, nicolae_snake_gridmaze_tees, lightli_airlock,
          uniq_aizul, uniq_mlioglotl
Snake:3:  layout_cave_pods
Snake:4:  grunt_snake_rune_serpentine_throne, layout_cave_town, serial_shops,
          nicolae_shop_hallway_plus, hellmonk_ghost_happy_afterlife,
          uniq_vashnia
Slime:1:  layout_caves
Slime:2:  layout_caves, cheibrodos_slime_lost_civilization_5
Slime:3:  layout_caves, special_room [special_room_jelly]
Slime:4:  layout_caves
Slime:5:  uniq_dissolution
Orc:1:    nicolae_orc_accident_3, layout_caves, nicolae_specific_store,
          nicolae_orc_sculptors_studio, lightli_orcish_oven
Orc:2:    grunt_orc_tribal_feast, layout_caves, special_room
Elf:1:    eino_elf_arrival_sip, layout_geoelf_grid,
          portal_desolation_entry_nicolae_nacl, serial_aquarium,
          aquarium_bridge_long_joined [aquarium_subvault_bridge,
          aquarium_subvault_wall, aquarium_subvault_wall,
          aquarium_subvault_wall, aquarium_subvault_bridge,
          aquarium_subvault_bridge], aquarium_window_1, aquarium_window_1,
          aquarium_window_fake, aquarium_view_2e, evilmike_minifort
Elf:2:    nicolae_elf_blades_splatter_lattice
          [nicolae_blade_entry_sentries_behind_glass], layout_geoelf_grid,
          serial_shops, shop_statue, evilmike_ambush
          [evilmike_ambush_outer_doors, evilmike_ambush_inner_basic]
Elf:3:    minmay_elf_hall_dome, layout_gridlike, gammafunk_ghost_abyssal_escape,
          serial_shops, shop, nicolae_elf_w_pinch, minmay_shoptagon,
          uniq_bai_suzhen
Vaults:1: ploomutoo_gammafunk_ghost_potion_laboratory,
          nicolae_vaults_windows_and_doors_thing, hangedman_vaults_pinch,
          v_misc_12, vaults_room_pools, nicolae_vaults_fighting_squares,
          v_rooms_4, nicolae_vaults_rhombus_6, nicolae_vaults_little_squares_2,
          layout_vaults_quadrants, serial_shops, bzr_entry_islet
Vaults:2: nicolae_vaults_sealed_display, grunt_vaults_swirl,
          vaults_room_door_hall, vaults_room_hallway,
          minmay_crypt_entry_simple_sparse, nicolae_vaults_network_star,
          v_pattern_4, v_misc_31, vaults_dpeg_cross, door_vault,
          vaults_room_pools, ontoclasm_vaults_hangar, vaults_mumra_lcd,
          nicolae_vaults_little_squares_5, nicolae_vaults_rhombus_6,
          layout_vaults_omnibox, serial_shops, shop
Vaults:3: nicolae_vaults_lopsided_apartments, nicolae_vaults_triangles,
          ontoclasm_vaults_eye, v_misc_1, grunt_vaults_funnel,
          nicolae_vaults_little_squares_4, nicolae_vaults_diagonal_hallway_9,
          ontoclasm_vaults_ring_large, ontoclasm_vaults_idyll,
          vaults_room_stairs_pillars, nicolae_vaults_little_squares_3,
          vaults_dpeg_emergency_exit, vaults_room_hallway,
          ontoclasm_vaults_gateway, grunt_vaults_diagonal,
          layout_vaults_omnicross
Vaults:4: hangedman_vaults_nails, nicolae_vaults_little_ls, v_alt_pattern_2,
          ontoclasm_vaults_idyll, nicolae_vaults_theta,
          nicolae_vaults_little_squares_2, vaults_dpeg_encased_lava,
          vaults_room_pools, layout_vaults_big_room, serial_shops,
          bzr_entry_road, nicolae_square_shop, nicolae_lakefront_shop,
          nicolae_square_shop, shop, uniq_margery, uniq_boris
Vaults:5: serial_shops
Crypt:1:  layout_regular_city, roderic_lattice_octagonal_star
Crypt:2:  layout_gridlike, serial_sigils_hangedman_scratch,
          minmay_misc_feat_ornament
Crypt:3:  church_of_pain_bobbens, layout_chaotic_city, tomb_entry_shell_bobbens,
          uniq_sojobo, uniq_vv
Depths:1: layout_gridlike, pf_hell_entry_great_geh, hellmonk_ghost_big_iron,
          minmay_misc_feat_x, minmay_misc_feat_room,
          nicolae_tso_carved_into_rock, uniq_asterion, uniq_nikola
Depths:2: kennysheep_bubble_arena, layout_gridlike, hell_entry, abyss_entry,
          rand_demon_pan_entry_3, hangedman_decor_cross_pass,
          minmay_staircase_statues
Depths:3: nicolae_terramorphic_expanse [nicolae_terramorphic_quarter,
          nicolae_terramorphic_quarter, nicolae_terramorphic_quarter,
          nicolae_terramorphic_quarter, nicolae_terramorphic_quarter,
          nicolae_terramorphic_biome, nicolae_terramorphic_biome,
          nicolae_terramorphic_biome, nicolae_terramorphic_biome], layout_basic,
          enter_ziggurat_b, reono_crystal_passage, abyss_entry,
          grunt_hell_entry_dis_old, uniq_saint_roka, uniq_enchantress,
          uniq_parghit
Depths:4: evilmike_zot_entry_basic, layout_gridlike, serial_shops, shop,
          hell_entry, serial_bayou_shore_b, uniq_mennas
Zot:1:    hangedman_zot_vaults_quadrants, layout_onion_interference,
          hangedman_zot_wheel_spokes
Zot:2:    evilmike_crystal_ball_defense, layout_onion_interference

Skill      XL: |  1  2  3  4  5  6  7  8  9 10 11 12 13 14 15 16 17 18 19 20 21 22 23 24 25 26 |
---------------+-------------------------------------------------------------------------------+-----
Unarmed Combat | 4 5 6 7 9 11 13 14 15 17 19 20 21 22 23 24 25 26 27 | 27.0
Dodging        | 0 |  0.0
Armour         | 3 4 6 10 12 13 14 15 16 17 18 19 20 | 20.0
Throwing       | 3 5 6 7 8 10 11 12 13 14 16 17 18 | 18.5
Shields        | 4 6 8 9 10 11 13 14 15 16 17 19 20 | 20.0
Fighting       | 4 5 8 9 10 11 12 13 14 15 16 18 | 18.1
Evocations     | 2 5 7 8 9 10 12 | 12.0
Transmutations | 1 4 8 11 12 13 | 13.0
Earth Magic    | 7 |  7.4

Action                   |  1- 3 |  4- 6 |  7- 9 | 10-12 | 13-15 | 16-18 | 19-21 | 22-24 | 25-27 || total
-------------------------+-------+-------+-------+-------+-------+-------+-------+-------+-------++-------
Melee: Unarmed           |    77 |   172 |   250 |   668 |  1420 |  1402 |  1695 |  1815 |  1470 ||  8969
       Hand axe          |       |       |       |    13 |    27 |       |       |       |       ||    40
Throw: Dart              |       |       |     2 |    20 |    17 |    32 |       |     1 |       ||    72
       Large rock        |       |       |       |    15 |     6 |       |       |       |    13 ||    34
       Javelin           |       |       |       |     6 |    21 |     3 |    16 |    26 |    27 ||    99
       Boomerang         |       |       |       |     5 |    22 |       |    10 |   123 |   147 ||   307
       Throwing net      |       |       |       |     1 |       |     1 |       |       |       ||     2
 Cast: Wereblood         |       |       |       |       |       |       |       |    24 |    38 ||    62
Invok: Sacrifice Nimblen |       |       |     1 |       |       |       |       |       |       ||     1
       Sacrifice Stealth |       |       |       |     1 |       |       |       |       |       ||     1
       Sacrifice Purity  |       |       |       |     1 |       |       |       |       |       ||     1
       Apocalypse        |       |       |       |     1 |     2 |     8 |     9 |    11 |     7 ||    38
       Sacrifice Arcana  |       |       |       |     1 |       |       |       |       |       ||     1
       Sacrifice Experie |       |       |       |     1 |       |       |       |       |       ||     1
       Sacrifice an Eye  |       |       |       |     1 |       |       |       |       |       ||     1
       Sacrifice Drink   |       |       |       |       |     1 |       |       |       |       ||     1
       Power Leap        |       |       |       |       |       |       |       |     1 |     1 ||     2
       Draw Out Power    |       |       |       |       |       |       |       |       |     2 ||     2
Evoke: Wand              |       |       |     3 |     1 |     1 |     7 |       |     2 |     1 ||    15
       Phial of floods   |       |       |       |     2 |     1 |     1 |     3 |     2 |       ||     9
       Condenser vane    |       |       |       |       |       |     2 |     4 |     4 |     7 ||    17
       Tin of tremorston |       |       |       |       |       |     1 |     2 |     2 |     1 ||     6
       Phantom mirror    |       |       |       |       |       |       |     1 |     2 |     3 ||     6
       Box of beasts     |       |       |       |       |       |       |     1 |     2 |     2 ||     5
  Use: Potion            |       |     6 |       |       |       |     1 |       |     9 |     7 ||    23
       Scroll            |       |       |    10 |    15 |       |     4 |     5 |     5 |     5 ||    44
 Stab: Invisible         |       |       |     3 |     1 |    12 |     8 |    10 |    14 |    14 ||    62
       Sleeping          |       |       |     2 |       |       |       |       |       |       ||     2
       Distracted        |       |       |       |     1 |     5 |    12 |    10 |     6 |     7 ||    41
       Paralysed         |       |       |       |     2 |     7 |    14 |    16 |    21 |     9 ||    69
       Held in net/web   |       |       |       |       |       |     1 |       |       |       ||     1
       Confused          |       |       |       |       |       |       |       |     4 |       ||     4
Armor: Robe              |    30 |    59 |    22 |       |       |       |       |       |       ||   111
       Skin              |       |     9 |       |       |       |       |       |       |       ||     9
       Troll leather arm |       |       |     4 |       |       |       |       |       |       ||     4
       Shadow dragon sca |       |       |    62 |   385 |   676 |   585 |   630 |   494 |       ||  2832
       Gold dragon scale |       |       |       |       |       |       |     6 |   252 |   612 ||   870
Dodge: Dodged            |    15 |    65 |    63 |   119 |   273 |   234 |   156 |   138 |   132 ||  1195
Block: Kite shield       |    35 |    57 |    76 |   258 |   417 |       |       |       |       ||   843
       Tower shield      |       |       |       |       |   363 |  1153 |  1219 |  1529 |  1213 ||  5477

Table legend: (Time is in decaauts)
 A = Elapsed time spent in this place.
 B = Non-inter-level travel time spent in this place.
 C = Inter-level travel time spent in this place.
 D = Time resting spent in this place.
 E = Time spent auto-exploring this place.
 F = Levels seen in this place.
 G = Mean time per level.
                   A        B        C        D        E       F      G
               +--------+--------+--------+--------+--------+-----+--------+
         Total |  63058 |  57514 |   5544 |   5208 |  34892 |  76 |  829.7 |
       Dungeon |  13446 |  11537 |   1909 |    619 |   8586 |  15 |  896.4 |
        Temple |     78 |     57 |     21 |      0 |     51 |   1 |   78.0 |
          Lair |   5643 |   4961 |    682 |     27 |   3646 |   5 | 1128.6 |
        Shoals |   3930 |   3764 |    166 |    338 |   2484 |   4 |  982.5 |
     Snake Pit |   4738 |   4451 |    287 |    577 |   2539 |   4 | 1184.5 |
    Slime Pits |   1389 |   1273 |    116 |    440 |    237 |   5 |  277.8 |
  Orcish Mines |   2516 |   2185 |    331 |    688 |    987 |   2 | 1258.0 |
   Elven Halls |   4359 |   3986 |    373 |    617 |   1949 |   3 | 1453.0 |
        Vaults |   7571 |   6556 |   1015 |    266 |   4171 |   5 | 1514.2 |
         Crypt |   3070 |   2966 |    104 |    257 |   1928 |   3 | 1023.3 |
        Depths |   5212 |   4678 |    534 |    430 |   2710 |   4 | 1303.0 |
           Zot |    114 |    114 |      0 |      0 |     29 |   2 |   57.0 |
         Abyss |   1341 |   1341 |      0 |    277 |     80 |   4 |  335.2 |
   Pandemonium |   8212 |   8212 |      0 |    514 |   4909 |  15 |  547.5 |
        Bazaar |     58 |     58 |      0 |      0 |     35 |   2 |   29.0 |
      Ice Cave |    636 |    636 |      0 |    139 |    239 |   1 |  636.0 |
    Desolation |    738 |    738 |      0 |     15 |    310 |   1 |  738.0 |
               +--------+--------+--------+--------+--------+-----+--------+

Top non-repeatable levels by time:
Vaults:1: 1983 daAuts
Depths:3: 1899 daAuts
 Snake:4: 1813 daAuts
   Elf:2: 1677 daAuts
Vaults:2: 1606 daAuts
Vaults:5: 1540 daAuts
  Lair:5: 1447 daAuts
   Orc:1: 1435 daAuts
 Crypt:3: 1384 daAuts
   Elf:1: 1360 daAuts
 Snake:2: 1354 daAuts
Vaults:4: 1334 daAuts
   Elf:3: 1321 daAuts
    D:14: 1295 daAuts
    D:10: 1256 daAuts
